Map: [ESL] Babylon

Players

Lambo

  • Race: Zerg Zerg
  • Spawn Location: 5:00

Bunny - Winner!

  • Race: Terran Terran
  • Spawn Location: 11:00

Event: ESL SC2 Masters 2023 Summer (Finals)

VOD

Have the link to the VOD?

Description

Time

  • Played on: June 17, 2023, 10:33 a.m.
  • Length: 8:10

All games in this series

Show
View Real Time Build Order
Export as new Build Order

Lambo Zerg 

Build Orders: Hatch First 

Get SALT Encoding   

  12  0:00  Drone  
  13  0:12  Overlord  
  13  0:16  Drone  
  14  0:30  Drone x2  
  16  0:48  Hatchery  
  15  0:51  Drone  
  15  0:55  Drone  
  17  0:58  Drone  
  18  1:08  Extractor  
  17  1:14  Spawning Pool  
  17  1:18  Drone  
  17  1:20  Drone  
  18  1:27  Drone  
  19  1:38  Drone  
  20  1:48  Drone  
  21  2:00  Queen x2  
  25  2:02  Zergling x4  
  27  2:10  Drone  
  27  2:11  Overlord  
  28  2:21  Hatchery  
  27  2:24  Drone  
  28  2:30  Drone  
  28  2:32  Drone x2  
  31  2:40  Queen  
  33  2:44  Overlord  
  33  2:49  Metabolic Boost  
  33  2:52  Drone  
  33  2:55  Drone  
  33  2:56  Drone  
  36  3:08  Queen  
  36  3:09  Drone x3  
  42  3:12  Drone  
  42  3:13  Drone  
  42  3:16  Drone  
  44  3:25  Overlord  
  44  3:32  Overlord, Queen  
  44  3:34  Queen  
  46  3:39  Drone x2  
  50  3:44  Overlord  
  50  3:46  Queen  
  50  3:47  Drone  
  53  3:52  Overlord  
  53  3:53  Drone  
  54  3:56  Drone x2  
  54  3:58  Overlord  
  56  4:04  Drone x2  
  56  4:07  Drone x3  
  60  4:11  Queen  
  60  4:15  Drone  
  60  4:16  Drone  
  64  4:19  Baneling Nest  
  64  4:20  Drone x2  
  64  4:23  Drone  
  64  4:24  Drone  
  67  4:28  Drone x2  
  71  4:32  Extractor  
  71  4:33  Drone  
  71  4:37  Spore Crawler  
  70  4:38  Zergling x4  
  70  4:40  Spore Crawler  
  70  4:43  Spore Crawler  
  70  4:47  Drone x3  
  70  4:49  Drone  
  70  4:50  Drone  
  70  4:51  Lair  
  70  4:54  Drone x2  
  70  4:59  Drone x3  
  72  5:03  Drone x2  
  72  5:05  Drone x2  
  76  5:07  Drone  
  76  5:13  Drone x2  
  78  5:18  Extractor  
  78  5:19  Hatchery  
  78  5:20  Drone x2  
  78  5:23  Drone x2  
  78  5:24  Drone  
  81  5:28  Drone x2  
  81  5:35  Drone  
  84  5:38  Extractor  
  84  5:39  Evolution Chamber  
  84  5:41  Evolution Chamber, Zergling x10  
  86  5:48  Zergling x6  
  89  5:54  Centrifugal Hooks  
  89  5:58  Overlord  
  89  5:59  Overlord  
  89  6:01  Overlord  
  89  6:03  Overlord  
  89  6:05  Overlord  
  89  6:09  Overlord  
  89  6:13  Overseer  
  89  6:15  Overlord x2  
  89  6:16  Hatchery  
  88  6:21  Zergling x10  
  88  6:22  Zergling x2  
  88  6:24  Baneling x4  
  88  6:25  Zergling x2  
  95  6:27  Zergling x4  
  97  6:33  Zergling x8  
  97  6:38  Zergling x4  
  103  6:40  Baneling x2  
  103  6:42  Zergling x14  
  103  6:46  Zergling x2  
  103  6:47  Zergling x6  
  114  6:53  Baneling x2  
  114  6:55  Zergling x6  
  114  6:57  Baneling x2  
  114  7:00  Zergling x2  
  118  7:02  Overlord  
  118  7:05  Zergling x4  
  118  7:06  Overlord  
  119  7:09  Zergling x6  
  119  7:11  Baneling x3  
  119  7:12  Zergling x10  
  119  7:13  Zergling x2  
  119  7:14  Baneling  
  124  7:16  Zergling x4  
  124  7:20  Drone x2  
  118  7:25  Zergling x2  
  118  7:28  Zergling x4  
  111  7:31  Hatchery  
  111  7:34  Zergling x2  
  109  7:37  Zergling x8  
  109  7:38  Zergling x2  
  109  7:39  Baneling x3  
  109  7:40  Baneling x4, Overseer  
  114  7:44  Zergling x10  
  114  7:49  Zergling x8  
  116  7:53  Zergling x2  
Show
View Real Time Build Order
Export as new Build Order

Bunny Terran - Winner!

Build Orders: Banshee Rush 

Get SALT Encoding   

  12  0:00  SCV  
  13  0:12  SCV  
  14  0:17  Supply Depot  
  14  0:24  SCV  
  15  0:38  SCV  
  15  0:39  Barracks  
  16  0:42  Refinery  
  16  0:50  SCV  
  17  1:03  SCV  
  18  1:15  SCV  
  19  1:25  Marine  
  19  1:27  Orbital Command  
  20  1:39  Command Center  
  20  1:50  Factory  
  20  1:53  SCV  
  21  2:02  Barracks Reactor  
  21  2:05  Supply Depot  
  21  2:06  SCV  
  22  2:11  Refinery  
  22  2:18  SCV  
  23  2:30  SCV  
  24  2:37  Starport  
  24  2:38  Marine x2  
  24  2:42  SCV  
  24  2:43  Factory Tech Lab  
  27  2:50  Orbital Command  
  27  2:54  SCV  
  27  2:56  Marine x2  
  30  3:06  SCV  
  31  3:14  Marine  
  31  3:15  SCV  
  31  3:16  Supply Depot  
  31  3:18  SCV  
  35  3:21  Banshee  
  35  3:22  Cloaking Field  
  35  3:24  Marine  
  38  3:28  SCV  
  38  3:31  SCV  
  38  3:32  Marine  
  41  3:40  SCV  
  42  3:42  Supply Depot  
  42  3:43  SCV  
  43  3:52  SCV  
  44  3:56  SCV, Marine x2  
  47  4:04  SCV  
  47  4:06  Banshee, Command Center  
  51  4:12  SCV  
  51  4:14  Supply Depot  
  51  4:16  SCV  
  53  4:22  Barracks Tech Lab  
  53  4:24  SCV  
  53  4:27  Barracks  
  53  4:28  SCV, Factory Reactor  
  53  4:29  Barracks  
  55  4:39  SCV, Supply Depot  
  55  4:40  SCV  
  55  4:42  Engineering Bay  
  55  4:43  Engineering Bay  
  57  4:52  SCV x2  
  59  5:00  Refinery x2, Supply Depot  
  59  5:07  Stimpack, Starport Reactor  
  59  5:08  SCV x2  
  61  5:17  Marine x2  
  61  5:18  Siege Tank  
  61  5:19  Terran Infantry Weapons Level 1, Terran Infantry Armor Level 1  
  61  5:21  Orbital Command  
  66  5:23  Marine  
  66  5:25  Marine x2  
  66  5:26  SCV x2  
  71  5:34  Supply Depot  
  71  5:37  Marine x2  
  71  5:41  Marine  
  74  5:43  Marine x2  
  74  5:46  Medivac  
  74  5:49  Orbital Command  
  78  5:50  Siege Tank  
  78  5:53  Medivac  
  78  5:56  Marine x2  
  85  5:59  Marine, Supply Depot  
  85  6:00  Marine  
  85  6:02  SCV x2  
  89  6:04  Supply Depot  
  89  6:12  Marine  
  89  6:14  Marine x2  
  89  6:16  SCV x3, Marine  
  93  6:18  Marine  
  93  6:21  Barracks  
  93  6:22  Barracks, Siege Tank  
  97  6:26  Medivac  
  97  6:31  Medivac  
  101  6:33  Marine x3  
  101  6:34  Marine  
  101  6:37  SCV x3  
  108  6:46  Combat Shield  
  108  6:49  Marine  
  109  6:54  Armory  
  109  6:55  Siege Tank, Supply Depot  
  109  6:57  SCV x3  
  115  7:04  Marine x4  
  115  7:07  Marine  
  119  7:08  Medivac  
  119  7:10  Medivac  
  123  7:22  Marine x2  
  118  7:27  Marine x3, Barracks Reactor  
  118  7:29  Barracks Reactor  
  113  7:38  Medivac  
  113  7:40  Marine x2  
  120  7:45  Marine x3  
  120  7:49  SCV x2  
  120  7:50  SCV  
Tags
 
Add a new tag
Caveats
  • Supply blocks, unpowered buildings, or Contaminate may cause inaccurate times.
  • Supply counts are checked every 10 seconds.